 Dungeon Crawl Stone Soup version 0.22-a0-775-ga7d80019b5 (webtiles) character file.

1276 PikkenKukken the Skirmisher (level 8, -3/73 HPs)
             Began as a White Draconian Berserker on July 18, 2018.
             Was an Elder of Trog.
             Slain by an orc priest
             ... wielding a +0 club
              (4 damage)
             ... on level 6 of the Dungeon.
             The game lasted 00:12:53 (6556 turns).

PikkenKukken the Skirmisher (DrBe)                  Turns: 6556, Time: 00:12:53

Health: -3/73      AC:  8    Str: 20    XL:     8   Next: 28%
Magic:  8/8        EV: 16    Int:  7    God:    Trog [****..]
Gold:   356        SH:  0    Dex: 15    Spells: 7/7 levels left

rFire    + . .     SeeInvis .   a - +1 falchion
rCold    + . .     Gourm    .   (no shield)
rNeg     . . .     Faith    .   (armour unavailable)
rPois    .         Spirit   .   (helmet restricted)
rElec    .         Reflect  .   (no cloak)
rCorr    .         Harm     .   o - +1 pair of gloves
MR       +....                  (no boots)
Stlth    ++........             (no amulet)
HPRegen  0.22/turn              j - ring of protection from magic
MPRegen  0.11/turn              m - ring of stealth

@: no status effects
A: breathe frost, unfitting armour, agile 1, cold resistance 1, fire resistance
1, cold-blooded, AC +6
a: Breathe Frost, Berserk, Trog's Hand, Brothers in Arms, Renounce Religion


You were on level 6 of the Dungeon.
You worshipped Trog.
Trog was greatly pleased with you.
You were not hungry.

You visited 1 branch of the dungeon, and saw 6 of its levels.
You also visited: Sewer.

You collected 356 gold pieces.

Inventory:

Hand Weapons
 a - a +1 falchion (weapon)
Missiles
 c - 40 bolts
Armour
 o - a +1 pair of gloves (worn)
Jewellery
 j - a ring of protection from magic (left hand)
 m - a ring of stealth (right hand)
 q - an uncursed ring of flight
 v - an uncursed ring of ice
Wands
 n - a wand of iceblast (9)
Scrolls
 f - 4 scrolls of teleportation
 g - 2 scrolls of remove curse
 k - 3 scrolls of fear
 t - a scroll of fog
 w - a scroll of identify
Potions
 d - 4 potions of haste
 e - 8 potions of curing
 h - 2 potions of flight
 i - a potion of magic
 l - 3 potions of invisibility
 p - a potion of agility {unknown}
 r - a potion of might {unknown}
 s - a potion of brilliance {unknown}
 u - a potion of lignification {unknown}
 x - a potion of mutation
Comestibles
 b - 7 rations


   Skills:
 + Level 7.1 Fighting
 + Level 6.5 Long Blades
 + Level 6.0 Dodging


You had 7 spell levels left.
You didn't know any spells.
Your spell library was empty.

Dungeon Overview and Level Annotations

Branches:
Dungeon (6/15)             Temple (0/1) D:4

Altars:
Cheibriados
Gozag
Kikubaaqudgha
Qazlal
Trog
Wu Jian
Zin

Shops:
D:6 =

Annotations:
D:5 3 runed doors, Scypier's ghost, novice OgBe


Innate Abilities, Weirdness & Mutations

You can breathe waves of freezing cold.
You can buffet flying creatures when you breathe cold.
Your icy white scales are hard. (AC +6)
You cannot fit into any form of body armour.
Your flesh is cold resistant. (rC+)
You are cold-blooded and may be slowed by cold attacks.
You are agile. (Dex +2)
Your flesh is heat resistant. (rF+)


Message History

An orc warrior comes into view. It is wielding a scimitar.
The orc priest invokes the aid of Beogh against you.
Beogh smites you!
The orc warrior shouts!
The orc priest barely misses you.
An orc priest comes into view. It is wielding an enchanted dagger.
The orc priest shouts!
You hear a loud, deep croak!
The orc priest invokes the aid of Beogh against you.
Beogh smites you!
* * * LOW HITPOINT WARNING * * *
The orc priest hits you with a club.
* * * LOW HITPOINT WARNING * * *
The orc priest calls down the wrath of Beogh upon you.
Beogh smites you!
* * * LOW HITPOINT WARNING * * *
It was a potion of mutation.
You feel extremely strange.
You feel agile.
You feel resistant to heat.
A bullfrog comes into view.
The orc priest hits you with a club.
You die...

..# #..........%... ..#
#.........§.... ..#
##########....F.........
..########............o..........
.....)...+.......................
..########.................[....#
..# #.........o............#
..###########...........#######.#
..'.........'...@o......#
..###########....)......# ..#
#....†......# ### #...........# #
#...........# # #...........# #
#......$....# # #............. #
#............##


You could see an orc warrior, a bullfrog and 2 orc priests.

Vanquished Creatures
  Sigmund (D:6)
  An ice beast (D:6)
  An ogre (D:4)
  2 phantoms (D:6)
  2 bullfrogs
  A scorpion (D:5)
  2 crimson imps
  3 jellies (D:6)
  A quasit (D:4)
  2 hounds (D:6)
  An iguana (D:6)
  2 worker ants
  A hound skeleton (D:5)
  Robin (D:4)
  A howler monkey zombie (D:5)
  10 adders
  2 oozes
  An adder zombie (D:6)
  An adder skeleton (D:5)
  2 worms (D:3)
  A dart slug (D:1)
  8 leopard geckos
  7 orcs
  3 ball pythons (Sewer)
  8 bats
  6 giant cockroaches
  15 goblins
  7 hobgoblins
  12 jackals
  5 quokkas
  7 frilled lizards
  9 kobolds
  9 rats
135 creatures vanquished.

Vanquished Creatures (others)
  2 plants (Sewer)
2 creatures vanquished.

Grand Total: 137 creatures vanquished

Notes
Turn   | Place    | Note
-------+----------+-------------------------------------------
     0 | D:1      | PikkenKukken the Draconian Berserker began the quest for the Orb.
     0 | D:1      | Reached XP level 1. HP: 19/19 MP: 1/1
   291 | D:1      | Reached XP level 2. HP: 26/26 MP: 2/2
   844 | D:1      | Reached ** piety under Trog
   844 | D:1      | Reached XP level 3. HP: 33/33 MP: 3/3
  1336 | D:2      | Reached skill level 4 in Fighting
  1732 | D:2      | Reached XP level 4. HP: 36/40 MP: 4/4
  2151 | D:3      | Found an ornate altar of the Wu Jian Council.
  2151 | D:3      | Found an opulent altar of Gozag.
  2158 | D:3      | Found a bloodstained altar of Trog.
  2168 | D:3      | Found a snail-covered altar of Cheibriados.
  2179 | D:3      | Found a faded altar of an unknown god.
  2362 | D:3      | Found a glowing silver altar of Zin.
  2364 | D:3      | Found a stormy altar of Qazlal.
  2517 | D:3      | Reached *** piety under Trog
  2938 | D:4      | Reached XP level 5. HP: 38/47 MP: 5/5
  2961 | D:4      | Found a staircase to the Ecumenical Temple.
  3276 | D:4      | Noticed an ogre
  3286 | D:4      | Killed an ogre
  3286 | D:4      | Reached skill level 5 in Fighting
  3286 | D:4      | Reached XP level 6. HP: 56/56 MP: 6/6
  3721 | D:4      | Noticed Robin
  3737 | D:4      | Killed Robin
  4045 | D:5      | Entered Level 5 of the Dungeon
  4178 | D:5      | Reached skill level 5 in Long Blades
  4314 | D:5      | Found a glowing drain.
  4341 | Sewer    | Entered a sewer
  5291 | D:5      | Found a runed gate.
  5291 | D:5      | Found a runed gate.
  5291 | D:5      | Noticed Scypier's ghost (novice OgBe)
  5296 | D:5      | Found a runed gate.
  5320 | D:5      | Found a glowing silver altar of Zin.
  5365 | D:5      | Reached **** piety under Trog
  5365 | D:5      | Your scales start taking on an icy white colour.
  5365 | D:5      | Reached XP level 7. HP: 52/62 MP: 7/7
  5365 | D:5      | Gained mutation: Your flesh is cold resistant. (rC+) [White Draconian growth]
  5709 | D:6      | Found Byagg's Jewellery Emporium.
  5816 | D:6      | Reached skill level 6 in Fighting
  5816 | D:6      | Reached skill level 5 in Dodging
  6244 | D:6      | Reached XP level 8. HP: 54/71 MP: 8/8
  6422 | D:6      | Found an ancient bone altar of Kikubaaqudgha.
  6489 | D:6      | Noticed Sigmund
  6508 | D:6      | Killed Sigmund
  6508 | D:6      | Reached skill level 7 in Fighting
  6555 | D:6      | HP: 1/73 [orc priest/divine providence (11)]
  6556 | D:6      | Gained mutation: You are agile. (Dex +2) [potion of mutation]
  6556 | D:6      | Gained mutation: Your flesh is heat resistant. (rF+) [potion of mutation]
  6556 | D:6      | Slain by an orc priest

Vault maps used:
D:1:      dpeg_arrival_chase, amethyst_killhole, serial_bayou_pond_d
D:2:      grunt_decor_arrowhead, eino_tiny_chamber
D:3:      old_standard_altar, nicolae_overflow_hidden_temple,
          chequers_ecumenical_altar_island
D:4:      temple_green, first_ration, kennysheep_generic_room_8, uniq_robin
D:5:      gammafunk_ghost_split, portal_sewer_entry_f, basic_altar
D:6:      serial_shops, shop, basic_altar, moated_statue, uniq_sigmund
Sewer:    sewer_co_scattered_pipes

Skill      XL: |  1  2  3  4  5  6  7  8 |
---------------+-------------------------+-----
Dodging        | 3 4 5 6 |  6.0
Fighting       | 4 5 6 7 |  7.1
Long Blades    | 4 5 6 |  6.5

Action                   |  1- 3 |  4- 6 |  7- 9 || total
-------------------------+-------+-------+-------++-------
Melee: Falchion          |   118 |   232 |   126 ||   476
       Tailslap          |    12 |    39 |    25 ||    76
Invok: Berserk           |       |     2 |     2 ||     4
       Trog's Hand       |       |     1 |     1 ||     2
 Abil: Breathe Frost     |       |       |     1 ||     1
  Use: Scroll            |     5 |     5 |     2 ||    12
       Potion            |       |     3 |     1 ||     4
 Stab: Sleeping          |     2 |     2 |     1 ||     5
       Invisible         |       |     1 |       ||     1
  Eat: Chunk             |     3 |    12 |     3 ||    18
       Ration            |       |     1 |     1 ||     2
Armor: Skin              |    48 |    85 |    34 ||   167
Dodge: Dodged            |    83 |   165 |    74 ||   322
       Rpst.: Falchion   |    31 |    61 |    30 ||   122

Table legend:
 A = Spawn XP
 B = Non-spawn XP
 C = Spawn XP percentage of total XP
 D = Spawn monster count
 E = Non-spawn monster count
 F = Spawn count percentage of total count
 G = Total turns spent on level
                    A         B        C        D         E        F      G
               +---------+---------+-------+---------+---------+-------+---------
         Total |       0 |    1823 |   0.0 |       0 |     135 |   0.0 |  6556
               +---------+---------+-------+---------+---------+-------+---------
           D:1 |       0 |      55 |   0.0 |       0 |      28 |   0.0 |  1431
           D:2 |       0 |      73 |   0.0 |       0 |      16 |   0.0 |   682
           D:3 |       0 |      35 |   0.0 |       0 |      12 |   0.0 |   647
           D:4 |       0 |     350 |   0.0 |       0 |      24 |   0.0 |  1285
           D:5 |       0 |     280 |   0.0 |       0 |      15 |   0.0 |   985
           D:6 |       0 |     999 |   0.0 |       0 |      21 |   0.0 |   873
         Sewer |       0 |      31 |   0.0 |       0 |      19 |   0.0 |   653
               +---------+---------+-------+---------+---------+-------+---------
